 Dungeon Crawl Stone Soup version 0.32-a0-868-g153ae1a8d6 (webtiles) character file.

Game seed: 14843652225689211820

63 Ruich the Ruffian (level 3, -1/36 HPs)
             Began as a Troll Reaver on Mar 28, 2024.
             Slain by Sigmund
             ... wielding a +3 vampiric scythe
              (11 damage)
             ... on level 2 of the Dungeon.
             The game lasted 00:02:14 (1029 turns).

Ruich the Ruffian (Troll Reaver)                    Turns: 1029, Time: 00:02:15

Health: -1/36      AC:  4    Str: 20    XL:     3   Next: 89%
Magic:  3/3        EV:  8    Int:  9    God:
Gold:   39         SH:  0    Dex: 10    Spells: 3/4 levels left

rFire   . .          .
                       - Unarmed
rCold   . . .        (no shield)
rNeg    . . .        a - +0 robe
rPois   .            (helmet restricted)
rElec   .            (no cloak)
rCorr   .            (gloves unavailable)
SInv    .            (boots unavailable)
Will    .....        (no amulet)
Stlth   +            (no ring)
HPRegen 1.06/turn    (no ring)
MPRegen 0.08/turn

%: no passive effects
@: no status effects
A: large, unfitting armour, claws 3, regeneration 1, shaggy fur 1, tough skin 1
a: no special abilities


You were on level 2 of the Dungeon.
You visited 1 branch of the dungeon, and saw 2 of its levels.

You collected 39 gold pieces.


Innate Abilities, Weirdness & Mutations

You are too large for most types of armour.
You have claws for hands.
Your natural rate of healing is unusually fast.
You are covered in fur. (AC +1)
You have tough skin. (AC +1)


   Skills:
 + Level 2.4 Fighting
 - Level 1.5 Dodging
 * Level 4.3 Unarmed Combat
 - Level 1.2 Spellcasting
 - Level 2.1 Conjurations


You had 3 spell levels left.
You knew the following spells:

 Your Spells              Type           Power      Damage    Failure   Level
X - Kiss of Death         Conj/Necr      8%         2d6       24%         1

Your spell library contained the following spells:

 Spells                   Type           Power      Damage    Failure   Level
 Momentum Strike          Conj/Tloc      4%         3d8       34%         2
 Hailstorm                Conj/Ice       2%         3d5       56%         3

Inventory:

Missiles
 j - 2 javelins
Armour
 a - a +0 robe (worn)
Jewellery
 i - an amulet of faith {!P}
Scrolls
 b - a scroll of identify {unknown}
 c - a scroll of blinking {unknown}
 d - a scroll of immolation {unknown}
 e - a scroll of poison {unknown}
 g - a scroll of silence {unknown}
Potions
 f - a potion of cancellation {unknown}
 h - a potion of degeneration {unknown}

Dungeon Overview and Level Annotations

Branches:
Dungeon (2/15) Zot: 10977

Altars:

Shops:
D:1 =

Annotations:
D:2 Sigmund

#.........## #..........#
#..........# #..........#
#..........##
###'#'#...†..#
#>#.#.#......######
#######.#.#.#......'....)
.......{@.#.#......######
........#.[.#......#
........#...##....##
........#.#.##...[+
..(.....#.........#
..!....$#.........#
........#+#.##...
######... .# ... #... ..
##


There were no monsters in sight!


Message History

You scratch the frilled lizard.
The frilled lizard is heavily wounded.
The frilled lizard bites you but does no damage.
You scratch the frilled lizard.
You kill the frilled lizard!
Sigmund closely misses you.
An endoplasm comes into view.
Sigmund gestures wildly while chanting.
Sigmund flickers and vanishes!
Deactivating autopickup; reactivate with Ctrl-A.
You barely miss something.
The endoplasm quivers.
You hear some strange, mumbled words.
You are confused.
You scratch something. Something hits you.
You claw something! You scratch something. Something hits you!
You're too confused to move!
Something hits you!
* * * LOW HITPOINT WARNING * * *
You closely miss something.
You're too confused to move!
Something hits you.
* * * LOW HITPOINT WARNING * * *
The endoplasm closely misses you.
You claw the endoplasm!
You kill the endoplasm!
You feel less confused.
You miss something. Something hits you!
You die...

Skill      XL: |  1  2  3 |
---------------+----------+-----
Fighting       | 2 |  2.4
Unarmed Combat | 4 |  4.3
Dodging        | |  1.5
Spellcasting   | |  1.2
Conjurations   | |  2.1

Action                     || total
---------------------------++-------
  Melee: Unarmed           ||   103
         Punch             ||     1
 Armour: Robe              ||    63
  Dodge: Dodged            ||    31

Levels and vault maps discovered:
D:1:      lemuel_arrival_cross, layout_basic, serial_shops,
          nicolae_shop_back_alley_shop, st_stairs_3
D:2:      layout_basic, eino_tiny_chamber, uniq_sigmund

Notes
Turn   | Place    | Note
-------+----------+-------------------------------------------
     0 | D:1      | Ruich the Troll Reaver began the quest for the Orb.
     0 | D:1      | Reached XP level 1. HP: 19/19 MP: 1/1
   102 | D:1      | Reached XP level 2. HP: 26/28 MP: 2/2
   161 | D:1      | Reached skill level 2 in Fighting
   471 | D:1      | Reached XP level 3. HP: 35/35 MP: 3/3
   517 | D:1      | Found Rucuokud's Jewellery Shop.
   886 | D:2      | Reached skill level 4 in Unarmed Combat
  1009 | D:2      | Noticed Sigmund
  1029 | D:2      | Slain by Sigmund

Vanquished Creatures
  2 adders (D:2)
  4 bats (D:1)
  6 endoplasms
  A giant cockroach (D:1)
  3 hobgoblins (D:1)
  7 jackals (D:1)
  2 kobolds
  4 quokkas
  3 ball pythons
  4 frilled lizards
  A goblin (D:1)
  5 rats
42 creatures vanquished.

Table legend: (Time is in decaauts)
 A = Elapsed time spent in this place.
 B = Non-inter-level travel time spent in this place.
 C = Inter-level travel time spent in this place.
 D = Time resting spent in this place.
 E = Time spent auto-exploring this place.
 F = Levels seen in this place.
 G = Mean time per level.
                   A        B        C        D        E       F      G
               +--------+--------+--------+--------+--------+-----+--------+
         Total |   1021 |   1021 |      0 |      5 |    780 |   2 |  510.5 |
       Dungeon |   1021 |   1021 |      0 |      5 |    780 |   2 |  510.5 |
               +--------+--------+--------+--------+--------+-----+--------+

Top non-repeatable levels by time:
     D:1: 843 daAuts
     D:2: 178 daAuts

Table legend:
 A = Non-vault XP
 B = Vault XP
 C = Vault XP percentage of total XP
 D = Non-vault monster count
 E = Vault monster count
 F = Vault count percentage of total count
                 A         B        C        D         E       F
            +---------+---------+-------+---------+---------+-------
      Total |      88 |       3 |   3.3 |      40 |       2 |   4.8
            +---------+---------+-------+---------+---------+-------
        D:1 |      48 |       3 |   5.9 |      29 |       2 |   6.5
        D:2 |      40 |       0 |   0.0 |      11 |       0 |   0.0
            +---------+---------+-------+---------+---------+-------
